 Dungeon Crawl Stone Soup version 0.29-a0-297-g7659ce593d (webtiles) character file.

Game seed: 17099853546802503635

51 Dabor the Insei (level 3, -2/18 HPs)
             Began as a Vine Stalker Transmuter on Mar 22, 2022.
             Was an Initiate of Okawaru.
             Slain by an orc
             ... wielding a +0 club
              (3 damage)
             ... on level 4 of the Dungeon.
             The game lasted 00:04:58 (2737 turns).

Dabor the Insei (Vine Stalker Transmuter)           Turns: 2737, Time: 00:04:58

Health: -2/18      AC:  4    Str: 12    XL:     3   Next: 81%
Magic:  0/7        EV: 12    Int: 13    God:    Okawaru [......]
Gold:   55         SH:  0    Dex: 14    Spells: 4/7 levels left

rFire   . . .      SeeInvis .     - Unarmed
rCold   . . .      Faith    .   (no shield)
rNeg    . . .      Spirit   +   a - +1 robe
rPois   +          Reflect  .   (no helmet)
rElec   .          Harm     .   (no cloak)
rCorr   .          Rampage  .   c - +0 pair of gloves
Will    .....                   (no boots)
Stlth   +.........              (no amulet)
HPRegen 0.06/turn               (no ring)
MPRegen 0.10/turn               (no ring)

@: about to teleport, wereblooded
A: fangs 2, magic shield, antimagic bite, no potion heal 2, poison resistance,
weak 1
a: Renounce Religion


You were on level 4 of the Dungeon.
You worshipped Okawaru.
Okawaru was noncommittal.
You visited 1 branch of the dungeon, and saw 4 of its levels.

You collected 55 gold pieces.

Inventory:

Armour
 a - a +1 robe (worn)
 c - a +0 pair of gloves (worn)
Scrolls
 e - a scroll of enchant armour
 g - a scroll of teleportation
 h - 2 scrolls of identify
 i - a scroll of amnesia
Potions
 b - a potion of berserk rage {unknown}
 d - 4 potions of magic
 f - a potion of brilliance {unknown}
 j - a potion of resistance


   Skills:
 * Level 1.6 Fighting
 + Level 2.0 Dodging
 + Level 3.3 Unarmed Combat
 + Level 2.6 Spellcasting
 * Level 2.5 Transmutations


You had 4 spell levels left.
You knew the following spells:

 Your Spells              Type           Power      Damage    Failure   Level
a - Beastly Appendage     Tmut           16%        N/A       9%          1
b - Wereblood             Tmut           8%         N/A       13%         2

Your spell library contained the following spells:

 Spells                   Type           Power      Damage    Failure   Level
 Spider Form              Tmut/Pois      4%         N/A       38%         3
 Ice Form                 Ice/Tmut       4%         N/A       80%         4
 Blade Hands              Tmut           4%         N/A       93%         5
 Iron Shot                Conj/Erth      0%         9d1       100%        6
 Storm Form               Tmut/Air       2%         N/A       100%        7
 Maxwell's Capacitive Co  Air            0%         ∞         100%        8
 Animate Armour           Summ/Erth      Unusable   N/A       N/A         4
 Summon Lightning Spire   Summ/Air       Unusable   N/A       N/A         4

Dungeon Overview and Level Annotations

Branches:
Dungeon (4/15)
 Temple: D:4-7

Altars:
Okawaru


Innate Abilities, Weirdness & Mutations

You have extremely sharp teeth.
When hurt, damage is shared between your health and your magic reserves.
Your bite disrupts and absorbs the magic of your enemies.
Potions cannot restore your health.
Your system is resistant to poisons. (rPois)
You are weak. (Str -2)


Message History

A gnoll comes into view. It is wielding a +0 halberd.
The gnoll barely misses you.
A gnoll shaman comes into view. It is wielding a +0 whip.
You barely miss the gnoll.
The gnoll shaman shouts!
The gnoll shouts!
Your bite misses the gnoll. The gnoll barely misses you.
A gnoll comes into view. It is wielding a +0 spear.
You hit the gnoll. Your bite misses the gnoll.
The gnoll is lightly wounded.
The gnoll hits you with a +0 whip.
You hit the gnoll.
The gnoll is moderately wounded.
The gnoll closely misses you.
Your magical contamination has completely faded away.
You barely miss the gnoll.
The gnoll is moderately wounded.
The gnoll barely misses you. The gnoll hits you with a +0 whip!
Okay, then.
The gnoll attacks as you move away! The gnoll hits you with a +0 whip.
* * * LOW HITPOINT WARNING * * *
The gnoll shaman calls upon its god to heal the gnoll.
The gnoll's wounds heal themselves!
As you read the scroll of teleportation, it crumbles to dust.
You feel strangely unstable. The gnoll barely misses you.
The gnoll closely misses you. The gnoll attacks as you move away!
The gnoll closely misses you.
Your surroundings suddenly seem different.
An orc comes into view. It is wielding a +0 dagger.
The orc shouts! x3; The black bear growls angrily.
The orc priest shouts!
As you read the scroll of teleportation, it crumbles to dust.
You feel strangely unstable.
The orc wizard shouts!
The black bear bites you.
* * * LOW HITPOINT WARNING * * *
The black bear closely misses you. The black bear claws you.
* * * LOW HITPOINT WARNING * * *
The orc hits you but does no damage. The orc attacks as you move away!
The orc hits you with a +0 club.
You die...

#### ##...##
###.......####
##............##
##..............#
##
#...........oo..#
.##
#.....o..o.h@#
..#
#.......o...##
..####.o......###
...#.........##
.......o..####
.......####
###..### # #...#
##..#


You could see a black bear, an orc priest, an orc wizard and 3 orcs.

Vanquished Creatures
  A worm (D:2)
  2 ball pythons
  7 endoplasms
  3 giant cockroaches
  7 goblins
  2 jackals (D:1)
  4 quokkas
  5 bats
  A frilled lizard (D:2)
  3 kobolds
  5 rats
40 creatures vanquished.

Notes
Turn   | Place    | Note
-------+----------+-------------------------------------------
     0 | D:1      | Dabor the Vine Stalker Transmuter began the quest for the
                  | Orb.
     0 | D:1      | Reached XP level 1. HP: 9/9 MP: 4/4
   189 | D:1      | Reached skill level 1 in Fighting
   245 | D:1      | Reached XP level 2. HP: 2/14 MP: 1/6
   813 | D:1      | Gained mutation: You are weak. (Str -2) [potion of
                  | mutation]
   813 | D:1      | Gained mutation: Your system is resistant to poisons.
                  | (rPois) [potion of mutation]
  1134 | D:1      | Reached XP level 3. HP: 18/18 MP: 7/7
  2118 | D:2      | Found an iron altar of Okawaru.
  2409 | D:2      | Became a worshipper of Warmaster Okawaru
  2651 | D:4      | Noticed a black bear
  2660 | D:4      | Learned a level 2 spell: Wereblood
  2737 | D:4      | Slain by an orc

Illustrated notes

Levels and vault maps discovered:
D:1:      minmay_arrival_semitransparent, layout_basic, minivault_11
D:2:      layout_loops_corners, basic_altar
D:3:      layout_basic, serial_shops, shop_statue, nicolae_shop_statue_plus,
          nicolae_shop_crystal, shop, gammafunk_ghost_necromancy,
          shapermc_ecumenical_altar_mp_ritualfount, kennysheep_path_1,
          lightli_corner_chamber, uniq_terence, uniq_ijyb
D:4:      layout_cave_pods, portal_sewer_entry_f, uniq_menkaure

Skill      XL: |  1  2  3 |
---------------+----------+-----
Fighting       | 1 |  1.6
Dodging        | 2 |  2.0
Unarmed Combat | |  3.3
Spellcasting   | |  2.6
Transmutations | |  2.5

Action                   || total
-------------------------++-------
Melee: Unarmed           ||   135
       Bite              ||    18
       Headbutt          ||     2
       Kick              ||    10
 Cast: Beastly Appendage ||    11
       Wereblood         ||     1
  Use: Potion            ||     4
       Scroll            ||     8
Armor: Robe              ||    29
       Skin              ||     6
Dodge: Dodged            ||   114

Table legend: (Time is in decaauts)
 A = Elapsed time spent in this place.
 B = Non-inter-level travel time spent in this place.
 C = Inter-level travel time spent in this place.
 D = Time resting spent in this place.
 E = Time spent auto-exploring this place.
 F = Levels seen in this place.
 G = Mean time per level.
                   A        B        C        D        E       F      G
               +--------+--------+--------+--------+--------+-----+--------+
         Total |   2728 |   2531 |    197 |      0 |   2206 |   4 |  682.0 |
       Dungeon |   2728 |   2531 |    197 |      0 |   2206 |   4 |  682.0 |
               +--------+--------+--------+--------+--------+-----+--------+

Top non-repeatable levels by time:
     D:1: 1401 daAuts
     D:2: 1138 daAuts
     D:4: 172 daAuts
     D:3: 16 daAuts
